 Dungeon Crawl Stone Soup version 0.30.1-4-g462c640d31 (webtiles) character file.

Game seed: 16780373626489074350

1811760 GeoRichter the Slayer (level 26, 294/294 (299) HPs)
             Began as a Demonspawn Monk on Aug 30, 2023.
             Was the Champion of Dithmenos.
             Escaped with the Orb
             ... and 3 runes!
             The game lasted 02:29:09 (59136 turns).

GeoRichter the Slayer (Demonspawn Monk)            Turns: 59136, Time: 02:29:10

HP:   294/294 (299) AC: 27    Str: 13    XL:     26   Next: 47%
MP:   44/44         EV: 38    Int: 24    God:    Dithmenos [******]
Gold: 5373          SH: 11    Dex: 29    Spells: 25/25 levels left

rFire   + + .        b - +9 hand crossbow (heavy)
rCold   + . .        N - +3 buckler of Amoch {rElec rPois SInv}
rNeg    . . .        y - +7 faerie dragon scales {rPois rCorr MP+9 Dex-2}
rPois   +            R - +0 helmet of the Evening {rF+ rC+}
rElec   +            z - +2 cloak {Will+}
rCorr   +            (gloves unavailable)
SInv    +            Y - +2 pair of boots {Stlth+}
Will    ++++.        Q - amulet of Descent {Will+ Regen+ Str+3}
Stlth   ++++++++     J - ring "Ditabum" {rC+ Int+3 Dex+3}
HPRegen 1.49/turn    P - ring of the Cockatrice {rF+ Will+ EV+5}
MPRegen 0.29/turn

%: clarity
@: wreathed by umbra, lightly drained
A: claws 3, thin skeletal structure 3, powered by death 3, robust 3, spiny 3,
clarity, clever 1, cold vulnerability 1, subdued magic 1
0: Orb of Zot
}: 3/15 runes: barnacled, silver, gossamer
a: Renounce Religion, Shadow Step, Shadow Form


You escaped.
You worshipped Dithmenos.
Dithmenos was exalted by your worship.
You visited 10 branches of the dungeon, and saw 48 of its levels.
You visited 1 bazaar.
You also visited: Gauntlet, Ice Cave, Volcano, Wizlab and Desolation.

You collected 10001 gold pieces.
You spent 4628 gold pieces at shops.

Inventory:

Hand Weapons
 b - a +9 heavy hand crossbow (weapon)
   (You found it in a volcano)
 d - the +6 arbalest "Damnation" {damnation}
   (You took it off a minotaur in a Gauntlet)
 A - a +3 double sword of electrocution
   (You subdued it on level 2 of the Elven Halls)
Missiles
 C - 16 throwing nets {!f}
 X - 18 curare-tipped darts {!f}
Armour
 c - the +3 crown of Dyrovepreva {rElec Int+2 SInv}
   (You found it on level 1 of the Elven Halls)

   Int:       It affects your intelligence (+2).
   rElec:     It insulates you from electricity.
   SInv:      It lets you see invisible.
 y - the +7 faerie dragon scales (worn) {rPois rCorr MP+9 Dex-2}
   (You took it off the Enchantress on level 1 of the Depths)

   Dex:       It affects your dexterity (-2).
   rPois:     It protects you from poison.
   MP:        It affects your magic capacity (+9).
   rCorr:     It protects you from acid and corrosion.
 z - a +2 cloak of willpower (worn)
   (You found it on level 3 of the Elven Halls)
 K - +6 acid dragon scales
   (You found it on level 11 of the Dungeon)
 N - the +3 buckler of Amoch (worn) {rElec rPois SInv}
   (You acquired it in a Gauntlet)

   rElec:     It insulates you from electricity.
   rPois:     It protects you from poison.
   SInv:      It lets you see invisible.
 R - the +0 helmet of the Evening (worn) {rF+ rC+}
   (You found it in a Gauntlet)

   rF:        It protects you from fire.
   rC:        It protects you from cold.
 Y - a +2 pair of boots of stealth (worn)
   (You bought it in a shop in a bazaar)
Jewellery
 p - the ring of Kelutum {rF+ Str+3 Dex+2}
   (You took it off a minotaur in a Gauntlet)

   [ring of protection from fire]

   Str:       It affects your strength (+3).
   Dex:       It affects your dexterity (+2).
   rF:        It protects you from fire.
 D - the ring "Moziosen" {Ice rN++ Str-3 Slay+2}
   (You took it off Josephina on level 4 of the Depths)

   [ring of ice]

   It enhances your ice magic.
   Str:       It affects your strength (-3).
   Slay:      It affects your accuracy & damage with ranged weapons and melee
   (+2).
   rF:        It makes you vulnerable to fire.
   rC:        It protects you from cold.
   rN:        It greatly protects you from negative energy.
 J - the ring "Ditabum" (left claw) {rC+ Int+3 Dex+3}
   (You took it off a deep elf blademaster on level 3 of the Elven Halls)

   [ring of protection from cold]

   Int:       It affects your intelligence (+3).
   Dex:       It affects your dexterity (+3).
   rC:        It protects you from cold.
 P - the ring of the Cockatrice (right claw) {rF+ Will+ EV+5}
   (You bought it in a shop on level 3 of the Elven Halls)

   [ring of evasion]

   EV:        It affects your evasion (+5).
   rF:        It protects you from fire.
   Will:      It increases your willpower.
 Q - the amulet of Descent (around neck) {Will+ Regen+ Str+3}
   (You found it in a Gauntlet)

   [amulet of regeneration]

   Str:       It affects your strength (+3).
   Regen:     It increases your rate of health regeneration.
   Will:      It increases your willpower.
Wands
 n - a wand of charming (62)
   (You took it off Ijyb on level 4 of the Dungeon)
 B - a wand of light (28)
   (You took it off a hobgoblin on level 4 of the Dungeon)
 G - a wand of digging (48)
   (You found it on level 2 of the Dungeon)
 O - a wand of mindburst (34)
   (You found it on level 9 of the Dungeon)
 V - a wand of polymorph (21)
   (You found it on level 13 of the Dungeon)
Scrolls
 g - 7 scrolls of immolation {!r}
 h - 10 scrolls of fear
 j - 8 scrolls of amnesia
 k - 3 scrolls of enchant armour
 m - 11 scrolls of fog
 o - 6 scrolls of teleportation {@r4}
 q - 9 scrolls of poison {!r}
 r - 12 scrolls of vulnerability {!r}
 s - 7 scrolls of torment {!r}
 v - 8 scrolls of silence
 L - 3 scrolls of butterflies
 W - a scroll of magic mapping
Potions
 e - 8 potions of brilliance
 f - a potion of haste {@q3}
 i - 21 potions of curing {@q1}
 l - 7 potions of attraction {!q}
 u - 6 potions of resistance
 w - 7 potions of mutation {!q}
 x - 11 potions of heal wounds {@q2}
 H - 12 potions of magic
 I - 6 potions of might
 M - 3 potions of cancellation
 T - 5 potions of lignification {!q}
 U - 9 potions of flight
 Z - 2 potions of invisibility
Miscellaneous
 t - a lightning rod (4/4) {!a}
   (You found it in a Gauntlet)
 E - a box of beasts (inert)
   (You found it on level 3 of the Vaults)
 F - a condenser vane
   (You found it on level 3 of the Lair of Beasts)
 S - a phantom mirror (inert)
   (You found it in a Gauntlet)


   Skills:
 + Level 23.6 Fighting
 - Level 10.1 Short Blades
 - Level 3.5 Polearms
 - Level 18.0 Ranged Weapons
 - Level 18.3 Armour
 * Level 21.0 Dodging
 + Level 17.3 Stealth
 - Level 7.0 Shields
 - Level 16.0 Invocations
 + Level 16.1 Evocations


You had 25 spell levels left.
You didn't know any spells.
Your spell library contained the following spells:

 Spells                   Type           Power      Damage    Failure   Level
 Apportation              Tloc           0%         N/A       21%         1
 Necrotise                Necr           0%         1d4       21%         1
 Sting                    Tmut/Pois      0%         1d3       21%         1
 Summon Small Mammal      Summ           0%         N/A       21%         1
 Call Imp                 Summ           0%         N/A       30%         2
 Cigotuvi's Dreadful Rot  Necr/Pois/Air  0%         N/A       30%         2
 Ensorcelled Hibernation  Hex/Ice        0%         N/A       30%         2
 Lesser Beckoning         Tloc           0%         N/A       30%         2
 Momentum Strike          Conj/Tloc      0%         3d8       30%         2
 Poisonous Vapours        Pois/Air       0%         N/A       30%         2
 Scorch                   Fire           0%         2d5       30%         2
 Call Canine Familiar     Summ           0%         N/A       52%         3
 Dazzling Flash           Conj/Hex       0%         N/A       52%         3
 Frozen Ramparts          Ice            0%         1d1       52%         3
 Gell's Gravitas          Tloc           0%         N/A       52%         3
 Hailstorm                Conj/Ice       0%         3d3       52%         3
 Inner Flame              Hex/Fire       0%         N/A       52%         3
 Mephitic Cloud           Conj/Pois/Air  0%         N/A       52%         3
 Ozocubu's Armour         Ice            0%         N/A       52%         3
 Spider Form              Tmut/Pois      0%         N/A       52%         3
 Stone Arrow              Conj/Erth      0%         3d7       52%         3
 Teleport Other           Tloc           0%         N/A       52%         3
 Tukima's Dance           Hex            0%         N/A       52%         3
 Vhi's Electric Charge    Tloc/Air       0%         N/A       52%         3
 Volatile Blastmotes      Fire/Tloc      0%         2d10      52%         3
 Anguish                  Hex/Necr       0%         N/A       91%         4
 Animate Armour           Summ/Erth      0%         N/A       91%         4
 Animate Dead             Necr           0%         N/A       91%         4
 Cause Fear               Hex            0%         N/A       91%         4
 Flame Wave               Conj/Fire      0%         2d4       91%         4
 Ice Form                 Ice/Tmut       0%         N/A       91%         4
 Iskenderun's Mystic Bla  Conj/Tloc      0%         2d3       91%         4
 Manifold Assault         Tloc           0%         N/A       91%         4
 Passage of Golubria      Tloc           0%         N/A       91%         4
 Petrify                  Tmut/Erth      0%         N/A       91%         4
 Sticky Flame             Conj/Fire      0%         2d3       91%         4
 Summon Ice Beast         Ice/Summ       0%         N/A       91%         4
 Summon Lightning Spire   Summ/Air       0%         N/A       91%         4
 Alistair's Intoxication  Tmut/Pois      0%         N/A       99%         5
 Arcjolt                  Conj/Air       0%         1d10      99%         5
 Borgnjor's Vile Clutch   Necr/Erth      0%         N/A       99%         5
 Freezing Cloud           Conj/Ice/Air   0%         6-21      99%         5
 Metabolic Englaciation   Hex/Ice        0%         N/A       99%         5
 Silence                  Hex/Air        0%         N/A       99%         5
 Summon Forest            Summ/Tloc      0%         N/A       99%         5
 Summon Mana Viper        Hex/Summ       0%         N/A       99%         5
 Yara's Violent Unravell  Hex/Tmut       0%         3d3       99%         5
 Conjure Ball Lightning   Conj/Air       0%         3x3d6     100%        6
 Dispersal                Tloc           0%         N/A       100%        6
 Eringya's Noxious Bog    Tmut/Pois      0%         N/A       100%        6
 Plasma Beam              Fire/Air       0%         2x1d11    100%        6
 Simulacrum               Ice/Necr       0%         N/A       100%        6
 Starburst                Conj/Fire      0%         6d3       100%        6
 Statue Form              Tmut/Erth      0%         N/A       100%        6
 Summon Cactus Giant      Summ           0%         N/A       100%        6
 Dragon Form              Tmut           0%         N/A       100%        7
 Enfeeble                 Hex            0%         N/A       100%        7
 Haunt                    Necr/Summ      0%         N/A       100%        7
 Malign Gateway           Summ/Tloc      0%         N/A       100%        7
 Monstrous Menagerie      Summ           0%         N/A       100%        7
 Orb of Destruction       Conj           0%         9d5       100%        7
 Ozocubu's Refrigeration  Ice            0%         4d7       100%        7
 Borgnjor's Revivificati  Necr           0%         N/A       100%        8
 Discord                  Hex            0%         N/A       100%        8
 Disjunction              Tloc           0%         N/A       100%        8
 Infestation              Necr           0%         N/A       100%        8
 Lehudib's Crystal Spear  Conj/Erth      0%         10d2      100%        8
 Necromutation            Tmut/Necr      0%         N/A       100%        8
 Summon Horrible Things   Summ           0%         N/A       100%        8
 Death's Door             Necr           0%         N/A       100%        9
 Dragon's Call            Summ           0%         N/A       100%        9
 Polar Vortex             Ice            0%         N/A       100%        9


Dungeon Overview and Level Annotations

Branches:
Dungeon (15/15)            Temple (1/1) D:4            Lair (5/5) D:8
 Shoals (4/4) Lair:2       Spider (4/4) Lair:3        Slime (0/5) Lair:4
    Orc (2/2) D:12            Elf (3/3) Orc:2        Vaults (5/5) D:14
  Crypt (0/3) Vaults:2     Depths (4/4) D:15            Zot (5/5) Depths:4
  IceCv (visited)         Volcano (visited)          WizLab (visited)
Desolation (visited)      Gauntlet (visited)

Altars:
Ashenzari
Cheibriados
Dithmenos
Fedhas
Gozag
Hepliaklqana
Kikubaaqudgha
Makhleb
Nemelex Xobeh
Okawaru
Qazlal
Ru
Sif Muna
Trog
Uskayaw
Vehumet
Wu Jian
Xom
Yredelemnul

Shops:
D:5 ?   D:13 !   Orc:1 *   Orc:2 [?!=   Elf:3 =:=   Vaults:1 ((*?(

Portals:
Hell: Depths:1 Depths:2 Depths:3 Depths:4
Abyss: Depths:3
Pandemonium: Depths:2
Ziggurat: Depths:2

Annotations:
Elf:1 6 runed translucent doors
Depths:2 exclusion: orange crystal statue
Zot:2 1 runed translucent door, Korask's ghost, legendary GrFi
Zot:3 exclusion: door


Innate Abilities, Weirdness & Mutations

You have claws for hands.
You have an unnaturally thin skeletal structure. (Dex +6, Stealth+++)
You regenerate a lot of health from kills.
You are extremely robust. (+30% HP)
You are completely covered in sharp spines.
You possess an exceptional clarity of mind.
Your mind is acute. (Int +4, Str/Dex -1)
You are vulnerable to cold. (rC-)
Your spells are a little easier to cast, but a little less powerful.


Message History

Your shadow shoots a bolt.
The bolt hits the hell beast.
You block the hell beast's attack. x2
You shoot a bolt. The bolt hits the hell beast!!!
The hell beast is almost dead.
The hell beast completely misses you. You block the hell beast's attack.
The hell beast closely misses you. You block the hell beast's attack.
You shoot a bolt. The bolt hits the hell beast!
The hell beast is almost dead.
Your shadow shoots a bolt.
The bolt hits the hell beast.
The hell beast completely misses you. x2
You shoot a bolt. The bolt hits the hell beast!!!
You kill the hell beast!
Dithmenos accepts your kill.
(D) Dungeon (T) Temple (L) Lair (A) Shoals (N) Spider Nest (M) Slime Pits (O) Orcish Mines (E) Elven Halls (V) Vaults (C) Crypt (U) Depths (H) Hell (Z) Zot
Where to? (Enter - D:1, ? - help) HP restored.
There is a stone staircase leading up here.
You climb upwards.
There is a stone staircase leading down here.
There is a stone staircase leading up here.
You climb upwards.
Your extra speed is starting to run out.
There is a stone staircase leading down here.
A Brimstone Fiend comes into view.
You shoot a bolt. The bolt hits the Brimstone Fiend!!!!
The Brimstone Fiend is almost dead.
Your shadow shoots a bolt.
The bolt hits the Brimstone Fiend but does no damage.
You shoot a bolt. The bolt hits the Brimstone Fiend!!!!
You kill the Brimstone Fiend!
Dithmenos accepts your kill.
Your shadow shoots a bolt.
HP restored.
You feel yourself slow down.
An Orb Guardian comes into view.
You shoot a bolt. The bolt hits the Orb Guardian!!!
The Orb Guardian is heavily wounded.
Your shadow shoots a bolt.
The bolt hits the Orb Guardian but does no damage.
You shoot a bolt. The bolt hits the Orb Guardian!!
The Orb Guardian is severely wounded.
You shoot a bolt. The bolt hits the Orb Guardian!!
You kill the Orb Guardian!
Dithmenos accepts your kill.
Your shadow shoots a bolt.
There is a staircase leading out of the dungeon here.
You have escaped!

#'##........###.##.##...###......
...#######................#......
...#######...#####.###..#.#......
..รท.....................#......#.
##.#.........#.....#....##.....#.
#...........######.##....+.......
#............8.....8...###.....#.
#............#.....#......(....#.
#..#.........#..@..#....#...#..#.
...+......#..#.....#....#.###..#.
...#......#..8..(..8...........#.
...'......#.##.######...#.####.#.
...#......#.##.....#..#......#...
####......#...........###.##.###.
#......####..####### #.##.#...
##...######.##########.##...#.
#...###...........)......>...


There were no monsters in sight!

Vanquished Creatures
  Tiamat (Zot:4)
  10 orbs of fire (Zot:5)
  3 ancient liches
  Josephina (Depths:4)
  Bai Suzhen (Spider:3)
  3 Killer Klowns (Zot:5)
  A caustic shrike (Depths:3)
  2 curse toes (Zot:4)
  14 golden dragons
  the Enchantress (Depths:1)
  Nikola (Spider:3)
  Arachne (Spider:4)
  A Brimstone Fiend (D:1)
  A Tzitzimitl (Zot:5)
  2 electric golems (Zot:5)
  4 liches
  Zenata (Vaults:1)
  24 Orb Guardians
  15 tentacled monstrosities
  A deep elf master archer (Elf:3)
  2 walking earthen tomes (Depths:3)
  A walking frostbound tome (Depths:4)
  9 titans
  2 quicksilver dragons
  A tentacled starspawn (WizLab)
  13 death cobs
  Gastronok (Orc:1)
  2 deep elf blademasters
  5 sphinxes
  An eldritch tentacle (WizLab)
  4 tengu reavers
  10 draconian monks
  20 storm dragons
  A revenant (Vaults:2)
  16 shadow dragons
  7 fire giants
  4 draconian knights
  6 draconian scorchers
  Ilsuiw (Shoals:2)
  8 deep elf sorcerers
  4 vault wardens
  3 imperial myrmidons (Desolation)
  A pandemonium lord (D:3)
  6 ghost moths
  7 frost giants
  2 emperor scorpions
  2 balrugs (Depths:3)
  An angel (D:15)
  An iron dragon (Vaults:5)
  2 draconian stormcallers (Zot:2)
  2 orc warlords
  2 cacodemons
  19 ironbound preservers
  A demonspawn corrupter (D:13)
  A reaper (Depths:3)
  A demonspawn blood saint (D:13)
  6 draconian annihilators
  3 spriggan defenders (Depths:2)
  25 very ugly things
  6 deep elf elementalists (Elf:3)
  5 draconian shifters
  A broodmother (shapeshifter) (Vaults:4)
  7 war gargoyles
  A broodmother (Spider:4)
  6 ironbound thunderhulks
  22 stone giants
  4 vampire knights
  10 black draconians
  13 deep elf demonologists
  8 green draconians
  9 yellow draconians
  15 red draconians
  13 purple draconians
  Azrael (D:13)
  9 white draconians
  5 deep elf annihilators (Elf:3)
  A minotaur (Gauntlet)
  3 halazid warlocks (Desolation)
  10 dire elephants
  8 spark wasps
  6 ettins
  Snorg (Orc:2)
  An eidolon (Vaults:2)
  8 merfolk impalers
  A blizzard demon (Depths:2)
  A jiangshi (Vaults:2)
  5 entropy weavers
  8 merfolk javelineers
  12 fire dragons
  4 deep elf high priests
  12 ragged hierophants (Desolation)
  12 deep elf death magi
  27 vault guards (Vaults:5)
  4 great orbs of eyes
  5 rakshasas
  8 servants of whispers (Desolation)
  11 jorogumos
  17 yaktaur captains
  3 hell beasts
  9 peacekeepers
  5 spriggan air magi
  An alligator snapping turtle (Shoals:4)
  9 ice dragons
  7 ogre magi
  4 merfolk aquamancers
  28 dancing weapons
  5 satyrs
  A death knight (D:15)
  5 radroaches
  7 tengu warriors
  8 boulder beetles
  4 merfolk avatars
  4 hydras
  17 centaur warriors
  4 death yaks (Lair:5)
  7 ironbound frosthearts
  7 deep troll shamans
  18 two-headed ogres
  2 thrashing horrors (WizLab)
  6 deep troll earth magi
  An orc high priest (Orc:1)
  A titan zombie (Depths:2)
  A vampire mage (Depths:3)
  22 deep elf knights
  13 spriggan berserkers
  3 hell knights
  5 sun demons
  Amaemon (Lair:2)
  2 sun moths
  8 pharaoh ants
  2 shadow wraiths
  4 iron trolls
  A fire crab (shapeshifter) (D:14)
  A soul eater (Depths:3)
  12 sea snakes
  2 skeletal warriors
  3 sixfirhies
  2 glowing orange brains (Depths:2)
  An orb spider (shapeshifter) (Depths:2)
  3 skysharks
  70 deep trolls
  2 spriggan simulacra (Depths:4)
  A death drake (shapeshifter) (D:15)
  16 orb spiders
  14 deep elf archers
  8 harpies
  2 flayed ghosts
  A shadow demon (D:13)
  41 deep elf zephyrmancers
  2 obsidian statues
  A lindwurm (shapeshifter) (Depths:3)
  Pikel (D:8)
  20 ironbound convokers
  10 wizards
  A steelbarb worm (Spider:2)
  A sphinx zombie (Depths:2)
  11 lindwurms
  9 orc knights
  6 phantasmal warriors
  25 ugly things
  17 wolf spiders
  4 orc sorcerers
  36 deep elf pyromancers
  A mana viper (shapeshifter) (Depths:3)
  A wolf spider (shapeshifter) (Vaults:4)
  4 necromancers
  14 cyclopes
  2 worldbinders (WizLab)
  6 elephants (Lair:5)
  17 fauns
  12 manticores
  2 toenail golems (Volcano)
  30 moths of wrath
  9 merfolk sirens
  16 vault sentinels
  2 black mambas
  8 water nymphs
  An eye of devastation (Gauntlet)
  4 guardian serpents
  3 smoke demons
  3 centaur skeletons (D:14)
  5 molten gargoyles
  11 demonic crawlers
  A rust devil (Depths:2)
  A cane toad (shapeshifter) (Elf:1)
  3 gargoyles
  8 cane toads
  2 torpor snails (Spider:4)
  An unseen horror (D:11)
  5 orange demons
  2 komodo dragons
  3 rime drakes
  Maggie (D:7)
  5 efreet
  19 yaktaurs
  2 kobold demonologists (D:14)
  2 hellions
  5 tengu conjurers
  A tormentor (WizLab)
  A yaktaur (shapeshifter) (Elf:3)
  3 ancient zymes (WizLab)
  3 freezing wraiths
  5 ice devils
  2 human skeletons (WizLab)
  35 merfolk
  A tengu simulacrum (Depths:4)
  4 meliai
  8 trolls
  9 wind drakes
  3 red devils
  5 blink frogs (WizLab)
  A hellwing (Depths:3)
  4 polar bears
  26 tarantellas
  A wind drake (shapeshifter) (Vaults:4)
  Grinder (D:5)
  2 shadow dragon simulacra
  8 snapping turtles
  12 hornets
  75 saltlings (Desolation)
  7 dream sheep
  A tarantella (shapeshifter) (Elf:3)
  A small abomination (WizLab)
  38 jumping spiders
  14 slime creatures
  A jumping spider (shapeshifter) (Vaults:4)
  A vampire (D:11)
  Sigmund (D:4)
  27 yaks
  20 water elementals
  4 ynoxinuls
  2 air elementals
  21 culicivoras
  4 shadows
  7 spriggans
  6 wraiths
  8 wyverns
  A golden eye (Gauntlet)
  10 basilisks
  A chaos spawn (Zot:5)
  8 fire elementals
  66 redbacks
  5 steam dragons
  A redback (shapeshifter) (Depths:3)
  15 vampire mosquitoes
  2 neqoxecs
  Grum (D:8)
  5 wargs
  5 spatial vortices (WizLab)
  4 acid dragons
  A floating eye (Gauntlet)
  A water moccasin (shapeshifter) (Vaults:4)
  A deep troll skeleton (WizLab)
  12 water moccasins
  10 hell hounds
  A floating eye (shapeshifter) (Vaults:4)
  20 orc warriors
  A sky beast (D:7)
  2 black bears
  26 ogres
  14 centaurs
  A boggart (WizLab)
  4 phantoms
  26 wolves
  9 kobold brigands
  16 bullfrogs
  2 cane toad simulacra (IceCv)
  A glowing shapeshifter simulacrum (Depths:4)
  6 earth elementals
  10 wights
  15 killer bees
  4 electric eels (D:15)
  3 howler monkeys
  A quasit (WizLab)
  A hound (D:7)
  18 orc priests
  4 jellies
  A sleepcap (D:6)
  3 gnoll boudas
  Ijyb (D:4)
  18 orc wizards
  6 iguanas
  A boggart skeleton (D:14)
  A wolf simulacrum (IceCv)
  6 ogre zombies (D:12)
  Robin (D:4)
  20 gnolls
  9 adders
  7 white imps
  2 ufetubi
  A dart slug (shapeshifter) (D:14)
  4 dart slugs
  69 orcs
  2 bats
  4 endoplasms
  4 giant cockroaches
  5 goblins
  13 hobgoblins
  5 jackals
  28 kobolds
  2 quokkas
  5 ball pythons
  3 frilled lizards
  A goblin skeleton (D:12)
  3 goblin zombies (D:12)
  4 hobgoblin zombies (D:12)
  An orc skeleton (D:12)
  8 orc zombies (D:12)
  5 rats
  2 fire vortices (Volcano)
  A starspawn tentacle (WizLab)
2303 creatures vanquished.

Vanquished Creatures (collateral kills)
  Frederick (Vaults:5)
  Xtahua (Depths:4)
  A deep elf blademaster (Elf:3)
  A kobold (D:8)
4 creatures vanquished.

Vanquished Creatures (others)
  A tentacled monstrosity (Zot:3)
  A yaktaur captain (Vaults:1)
  An ironbound frostheart (Vaults:2)
  A wizard (Vaults:2)
  A phantasmal warrior (Vaults:3)
  A deep elf pyromancer (Elf:3)
  2 ironbound convokers (Vaults:2)
  A wolf spider (Spider:4)
  A vault sentinel (Vaults:2)
  2 yaktaurs (Vaults:2)
  2 water elementals (D:15)
  An orc warrior (Depths:1)
  A wolf simulacrum (IceCv)
  An adder (D:5)
  An orc skeleton (D:12)
  An orc zombie (D:12)
  A starspawn tentacle (WizLab)
20 creatures vanquished.

Grand Total: 2327 creatures vanquished

Notes
Turn   | Place    | Note
-------+----------+-------------------------------------------
     0 | D:1      | GeoRichter the Demonspawn Monk began the quest for the Orb.
     0 | D:1      | Reached XP level 1. HP: 18/18 MP: 1/1
   198 | D:1      | Gained mutation: You are partially covered in sharp spines.
                  | [demonic ancestry]
   198 | D:1      | Reached XP level 2. HP: 24/24 MP: 2/2
   592 | D:1      | Gained mutation: You have a somewhat thin skeletal
                  | structure. (Dex +2, Stealth+) [demonic ancestry]
   592 | D:1      | Reached XP level 3. HP: 29/29 MP: 3/3
   932 | D:2      | Found a faded altar of an unknown god.
  1355 | D:2      | Reached skill level 1 in Stealth
  1653 | D:3      | Reached XP level 4. HP: 35/35 MP: 4/4
  1717 | D:3      | Reached skill level 1 in Short Blades
  2095 | D:4      | Noticed Sigmund
  2177 | D:4      | Gained mutation: You are mostly covered in sharp spines.
                  | [demonic ancestry]
  2177 | D:4      | Reached XP level 5. HP: 30/41 MP: 5/5
  2353 | D:4      | Killed Sigmund
  2354 | D:4      | Gained mutation: You are completely covered in sharp
                  | spines. [demonic ancestry]
  2354 | D:4      | Reached XP level 6. HP: 26/47 MP: 6/6
  2682 | D:4      | Noticed Robin
  2682 | D:4      | Noticed Ijyb
  2695 | D:4      | Reached skill level 5 in Short Blades
  2708 | D:4      | Killed Ijyb
  2723 | D:4      | Killed Robin
  2828 | D:4      | Gained mutation: You have a moderately thin skeletal
                  | structure. (Dex +4, Stealth++) [demonic ancestry]
  2828 | D:4      | Reached XP level 7. HP: 52/52 MP: 7/7
  3054 | D:4      | Found a staircase to the Ecumenical Temple.
  3187 | D:5      | Entered Level 5 of the Dungeon
  3187 | D:5      | Noticed Grinder
  3219 | Temple   | Entered the Ecumenical Temple
  3312 | Temple   | Became a worshipper of Dithmenos the Shadowed
  3312 | Temple   | Reached * piety under Dithmenos
  3312 | Temple   | Reached ** piety under Dithmenos
  3378 | D:5      | Found a basalt altar of Yredelemnul.
  3659 | D:5      | Killed Grinder
  3660 | D:5      | Reached XP level 8. HP: 43/58 MP: 8/8
  3797 | D:5      | Found Naikorop's Magic Scroll Boutique.
  4086 | D:5      | Bought a scroll of brand weapon for 133 gold pieces
  4348 | D:6      | Reached *** piety under Dithmenos
  4861 | D:6      | Found an ornate altar of the Wu Jian Council.
  4861 | D:6      | Found an ancient bone altar of Kikubaaqudgha.
  4988 | D:7      | Noticed Maggie
  5170 | D:7      | Reached XP level 9. HP: 58/64 MP: 9/9
  5305 | D:7      | Killed Maggie
  5515 | D:7      | Found a bloodstained altar of Trog.
  5515 | D:7      | Found a sparkling altar of Nemelex Xobeh.
  5806 | D:7      | Reached skill level 10 in Short Blades
  5806 | D:7      | Reached skill level 5 in Stealth
  5824 | D:7      | Reached skill level 1 in Evocations
  5828 | D:7      | Reached skill level 1 in Invocations
  5997 | D:8      | Found a snail-covered altar of Cheibriados.
  6130 | D:8      | Found a staircase to the Lair.
  6237 | D:8      | Reached skill level 4 in Fighting
  6304 | D:8      | Reached **** piety under Dithmenos
  6311 | D:8      | Gained mutation: You have sharp fingernails. [demonic
                  | ancestry]
  6311 | D:8      | Reached XP level 10. HP: 54/73 MP: 12/12
  6321 | D:8      | Reached skill level 5 in Fighting
  6465 | D:8      | Reached skill level 6 in Fighting
  6535 | D:8      | Noticed Pikel
  6552 | D:8      | Killed Pikel
  6842 | D:8      | Noticed Grum
  6851 | D:8      | Killed Grum
  6875 | D:8      | Reached skill level 7 in Fighting
  7250 | D:9      | Reached skill level 5 in Dodging
  7257 | D:9      | Found a hazy altar of Hepliaklqana.
  7831 | D:9      | Noticed a two-headed ogre
  7835 | D:9      | Killed a two-headed ogre
  7836 | D:9      | Reached skill level 8 in Fighting
  7841 | D:9      | Reached ***** piety under Dithmenos
  7842 | D:9      | Gained mutation: You have very sharp fingernails. [demonic
                  | ancestry]
  7842 | D:9      | Reached XP level 11. HP: 86/86 MP: 13/13
  7845 | D:9      | Noticed a red ugly thing
  7859 | D:9      | Noticed a centaur warrior
  7862 | D:9      | Killed a red ugly thing
  7873 | D:9      | Killed a centaur warrior
  7954 | D:9      | Noticed a wizard
  8000 | Lair:1   | Entered Level 1 of the Lair of Beasts
  8012 | Lair:1   | Reached skill level 9 in Fighting
  8667 | Lair:2   | Noticed Amaemon
  8668 | Lair:2   | Killed Amaemon
  8714 | Lair:2   | Found a staircase to the Shoals.
  8726 | Lair:2   | Reached skill level 10 in Fighting
  8796 | Lair:2   | Reached skill level 5 in Invocations
  8935 | Lair:2   | Found a gate leading to a gauntlet.
  8951 | Gauntlet | Entered a Gauntlet
  8951 | Gauntlet | Found a transporter.
  8951 | Gauntlet | Found a large runed translucent door.
  8951 | Gauntlet | Found a large runed translucent door.
  8951 | Gauntlet | Found a large runed translucent door.
  8951 | Gauntlet | Found a large runed translucent door.
  8951 | Gauntlet | Found a runed translucent door.
  8951 | Gauntlet | Found a runed translucent door.
  8951 | Gauntlet | Found a large runed translucent door.
  8951 | Gauntlet | Found a large runed translucent door.
  8951 | Gauntlet | Found a large runed translucent door.
  8951 | Gauntlet | Found a large runed translucent door.
  8951 | Gauntlet | Found a large runed translucent door.
  8951 | Gauntlet | Found a large runed translucent door.
  8952 | Gauntlet | Found a large runed translucent door.
  8952 | Gauntlet | Found a large runed translucent door.
  8961 | Gauntlet | Found a transporter.
  8975 | Gauntlet | Found a transporter.
  8980 | Gauntlet | Found a transporter.
  8980 | Gauntlet | Noticed a ghost crab
  8995 | Gauntlet | Found a transporter.
  9014 | Gauntlet | Found a transporter.
  9026 | Gauntlet | Found a transporter.
  9032 | Gauntlet | Found a transporter.
  9034 | Gauntlet | Found a transporter.
  9051 | Gauntlet | Found a transporter.
  9054 | Gauntlet | Noticed a death scarab
  9055 | Gauntlet | Noticed a death scarab
  9057 | Gauntlet | Found a transporter.
  9079 | Gauntlet | Found a transporter.
  9082 | Gauntlet | Noticed an orange crystal statue
  9086 | Gauntlet | Noticed a ghost crab
  9088 | Gauntlet | Found a transporter.
  9105 | Gauntlet | Found a transporter.
  9122 | Gauntlet | Found a transporter.
  9124 | Gauntlet | Found a transporter.
  9143 | Gauntlet | Found a large runed translucent door.
  9144 | Gauntlet | Found a large runed translucent door.
  9148 | Gauntlet | Found a runed translucent gate.
  9148 | Gauntlet | Found a runed translucent gate.
  9148 | Gauntlet | Found a runed translucent gate.
  9150 | Gauntlet | Found a transporter.
  9152 | Gauntlet | Found a transporter.
  9168 | Gauntlet | Found a large runed translucent door.
  9169 | Gauntlet | Found a large runed translucent door.
  9406 | Gauntlet | Identified 2 scrolls of acquirement
  9406 | Gauntlet | Acquired the +3 buckler of Amoch {rElec rPois SInv}
  9413 | Gauntlet | Acquired the +2 cloak of the Thistle {rCorr}
  9458 | Gauntlet | Reached XP level 12. HP: 95/98 MP: 16/16
  9478 | Gauntlet | Identified the amulet of Viso {Will+ Regen+ Str+7 Dex-5
                  | SInv}
  9517 | Gauntlet | Identified the amulet of Descent {Will+ Regen+ Str+3}
  9525 | Gauntlet | Identified the +0 helmet of the Evening {rF+ rC+}
  9562 | Gauntlet | Identified the ring of Kelutum {rF+ Str+3 Dex+2}
  9562 | Gauntlet | Noticed a minotaur
  9573 | Gauntlet | Killed a minotaur
  9574 | Gauntlet | Identified the +4 leather armour of Defiance {rN+ Int+3
                  | Dex+3}
  9580 | Gauntlet | Identified the +3 kite shield "Haiwaamnu" {Harm SInv}
 10234 | Lair:3   | Found a frozen archway.
 10243 | IceCv    | Entered an ice cave
 10891 | Lair:3   | Found a hole to the Spider Nest.
 11233 | Lair:3   | Reached skill level 10 in Stealth
 11504 | Lair:4   | Reached skill level 10 in Invocations
 11615 | Lair:4   | Reached skill level 1 in Ranged Weapons
 11719 | Lair:4   | Found a staircase to the Slime Pits.
 12120 | Lair:5   | Entered Level 5 of the Lair of Beasts
 12146 | Lair:5   | Noticed a seven-headed hydra
 12177 | Lair:5   | Killed a seven-headed hydra
 12219 | Lair:5   | Noticed a death yak
 12220 | Lair:5   | Noticed a death yak
 12246 | Lair:5   | Killed a death yak
 12257 | Lair:5   | Noticed a death yak
 12267 | Lair:5   | Noticed a death yak
 12324 | Lair:5   | Killed a death yak
 12326 | Lair:5   | Killed a death yak
 12334 | Lair:5   | Killed a death yak
 12335 | Lair:5   | Reached XP level 13. HP: 52/104 MP: 21/21
 12606 | Lair:5   | Reached skill level 5 in Ranged Weapons
 12837 | Lair:5   | Reached ****** piety under Dithmenos
 13215 | Lair:5   | Identified the staff of earth "Ohaiphot" {Fragile rElec
                  | Str+2}
 14278 | D:10     | Entered Level 10 of the Dungeon
 14441 | D:10     | Found a sacrificial altar of Ru.
 15299 | D:11     | Found a gateway to a bazaar.
 15330 | Bazaar   | Entered a bazaar
 15332 | Bazaar   | Found Piugab's Antique Armour Boutique.
 15336 | Bazaar   | Found Dutemos's Antique Weapon Boutique.
 15336 | Bazaar   | Found Yshohax's Antique Armour Boutique.
 15337 | Bazaar   | Found Nohaicif's Jewellery Boutique.
 15365 | Bazaar   | Bought a pair of embroidered boots for 112 gold pieces
 15365 | Bazaar   | Bought a pair of glowing boots for 112 gold pieces
 15690 | D:12     | Gained mutation: You regenerate a little health from kills.
                  | [demonic ancestry]
 15690 | D:12     | Reached XP level 14. HP: 91/111 MP: 24/24
 15853 | D:12     | Reached skill level 10 in Ranged Weapons
 16345 | D:12     | Found a staircase to the Orcish Mines.
 16623 | D:13     | Found Hesiapaw's Distillery.
 16626 | D:13     | Bought a potion of resistance for 160 gold pieces
 16705 | D:13     | Reached skill level 1 in Armour
 17390 | D:14     | Found a sparkling altar of Nemelex Xobeh.
 17554 | D:14     | Found a gate to the Vaults.
 17656 | D:14     | Noticed Azrael
 17695 | D:13     | Killed Azrael
 18061 | D:15     | Entered Level 15 of the Dungeon
 18290 | D:15     | Found a staircase to the Depths.
 18306 | D:15     | Reached skill level 5 in Armour
 18743 | D:15     | Reached XP level 15. HP: 106/117 MP: 25/25
 19011 | D:15     | Found a broken altar of Ashenzari.
 19399 | Orc:1    | Entered Level 1 of the Orcish Mines
 19473 | Orc:1    | Noticed Gastronok
 19532 | Orc:1    | Killed Gastronok
 19706 | Orc:1    | Found Famumo's General Store.
 19867 | Orc:2    | Entered Level 2 of the Orcish Mines
 19916 | Orc:2    | Noticed Snorg
 19989 | Orc:2    | Found a dark tunnel.
 19996 | Volcano  | Entered a volcano
 20236 | Volcano  | Identified the +1 helmet of Rotation {rPois}
 20824 | Orc:2    | Paralysed by an ogre mage for 4 turns
 20862 | Orc:2    | Found Faerian's Magic Scroll Shop.
 20862 | Orc:2    | Found Rilafabb's Jewellery Shoppe.
 20863 | Orc:2    | Found Uppyp's Antique Armour Emporium.
 20863 | Orc:2    | Found Sismod's Distillery.
 20937 | Orc:2    | Killed Snorg
 21154 | Orc:2    | Bought a pair of smoking boots for 199 gold pieces
 21154 | Orc:2    | Identified the +2 pair of boots of a sewer {Rampage} (You
                  | bought it in a shop on level 2 of the Orcish Mines)
 21155 | Orc:2    | Bought a potion of resistance for 120 gold pieces
 21155 | Orc:2    | Bought a potion of heal wounds for 60 gold pieces
 21155 | Orc:2    | Bought a potion of heal wounds for 60 gold pieces
 21155 | Orc:2    | Bought a potion of resistance for 120 gold pieces
 21155 | Orc:2    | Bought a potion of heal wounds for 60 gold pieces
 21157 | Orc:2    | Bought a scroll of teleportation for 54 gold pieces
 21157 | Orc:2    | Bought a scroll of blinking for 135 gold pieces
 21157 | Orc:2    | Bought a scroll of butterflies for 72 gold pieces
 21194 | Orc:2    | Found a staircase to the Elven Halls.
 21896 | Spider:1 | Entered Level 1 of the Spider Nest
 22310 | Spider:1 | Reached skill level 15 in Ranged Weapons
 22511 | Spider:1 | Identified the +1 robe "Igituj Ynaj" {rN+ Regen+}
 22658 | Spider:1 | Gained mutation: You have claws for hands. [demonic
                  | ancestry]
 22658 | Spider:1 | Reached XP level 16. HP: 123/124 MP: 26/26
 23160 | Spider:1 | Identified the +2 robe "Daimobiq" {rPois rN+ Str+7 Int-3
                  | Stlth+}
 24771 | Spider:3 | Noticed Bai Suzhen
 24812 | Spider:3 | Killed Bai Suzhen
 25172 | Spider:3 | Identified the +11 morningstar "Diasutt" {freeze, rCorr
                  | Str+3}
 25429 | Spider:3 | Noticed Nikola
 25461 | Spider:3 | Killed Nikola
 25799 | Spider:3 | Reached skill level 10 in Armour
 26518 | Spider:4 | Entered Level 4 of the Spider Nest
 26865 | Shoals:1 | Entered Level 1 of the Shoals
 27220 | Shoals:1 | Noticed a titan
 27234 | Shoals:1 | Gained mutation: You are robust. (+10% HP) [demonic
                  | ancestry]
 27234 | Shoals:1 | Reached XP level 17. HP: 124/141 MP: 27/27
 27299 | Shoals:1 | Killed a titan
 27661 | Shoals:2 | Noticed Ilsuiw
 28576 | Elf:1    | Entered Level 1 of the Elven Halls
 28889 | Elf:1    | Found the +3 crown of Dyrovepreva {rElec Int+2 SInv}
 28928 | Elf:1    | Reached skill level 11 in Fighting
 29488 | Elf:1    | Paralysed by an air elemental for 1 turns
 29547 | Elf:1    | Identified the +4 scale mail of the Trees {Harm rF++ rN+
                  | Dex-4}
 29795 | Elf:1    | Reached skill level 10 in Dodging
 29821 | Elf:1    | Noticed a Hell Sentinel
 29968 | Elf:1    | Found a runed translucent gate.
 29968 | Elf:1    | Found a runed translucent gate.
 29968 | Elf:1    | Found a runed translucent gate.
 29968 | Elf:1    | Found a runed translucent gate.
 29968 | Elf:1    | Found a runed translucent gate.
 29969 | Elf:1    | Found a runed translucent gate.
 30265 | Elf:2    | Found a radiant altar of Vehumet.
 30322 | Elf:2    | Gained mutation: You are very robust. (+20% HP) [demonic
                  | ancestry]
 30322 | Elf:2    | Reached XP level 18. HP: 44/164 MP: 28/28
 30503 | Elf:2    | Reached skill level 12 in Fighting
 30632 | Elf:2    | Found a huge runed translucent gate.
 30632 | Elf:2    | Found a huge runed translucent gate.
 30632 | Elf:2    | Found a huge runed translucent gate.
 30632 | Elf:2    | Found a huge runed translucent gate.
 30637 | Elf:2    | Found a huge runed translucent gate.
 30704 | Elf:3    | Entered Level 3 of the Elven Halls
 30913 | Elf:3    | Found Ucerin's Jewellery Shoppe.
 30913 | Elf:3    | Found Jaeptex's Book Boutique.
 30914 | Elf:3    | Found Pad Kit's Jewellery Shoppe.
 30940 | Elf:3    | Bought the ring of the Cockatrice {rF+ Will+ EV+5} for 1112
                  | gold pieces
 31096 | Elf:3    | HP: 7/168 [deep elf master archer/arrow (17)]
 31512 | Elf:3    | Identified the ring "Ditabum" {rC+ Int+3 Dex+3}
 31541 | Elf:3    | Identified the staff of conjuration "Qyestral" {Stlth+}
 31687 | Elf:3    | Identified the staff of cold "Zuxi" {rC+ Will+ Str-2
                  | Stlth+}
 31808 | Elf:3    | Noticed an Ice Fiend
 32239 | Elf:2    | Reached skill level 13 in Fighting
 32460 | Elf:3    | Identified the amulet of Day {Acrobat Int+4 Dex-2}
 32500 | Elf:3    | Identified the +8 dagger "Xiel" {heavy, Will+ MP+9}
 32592 | Elf:3    | Identified the amulet of Elyvilon's Displeasure {Acrobat
                  | +Inv rC- Dex+6 SInv}
 32671 | Elf:3    | Bought a manual of Fighting for 1600 gold pieces
 32904 | Elf:3    | Identified the +0 robe of the Stars {Stlth+ Archmagi}
 32989 | Elf:3    | Identified the staff of earth "Wemoticw" {rElec rPois Will+
                  | Str+3 Int-5}
 33021 | Elf:3    | Identified the staff of cold "Sep Wor" {rElec rC+ rCorr}
 33616 | Shoals:2 | Killed Ilsuiw
 33617 | Shoals:2 | Gained mutation: You regenerate health from kills. [demonic
                  | ancestry]
 33617 | Shoals:2 | Reached XP level 19. HP: 91/180 MP: 29/29
 34058 | Shoals:3 | Reached skill level 14 in Fighting
 34191 | Shoals:3 | Acquired 882 gold pieces
 34654 | Shoals:4 | Entered Level 4 of the Shoals
 34696 | Shoals:4 | Identified the +5 chain mail of Cynicism {rN+ Dex+4}
 34702 | Shoals:4 | Reached skill level 15 in Armour
 34741 | Shoals:4 | Reached skill level 15 in Fighting
 35650 | Spider:4 | Noticed Arachne
 35667 | Spider:4 | Killed Arachne
 35981 | Spider:4 | Reached skill level 16 in Fighting
 36231 | Spider:4 | Reached skill level 1 in Shields
 36590 | Spider:4 | Identified the +0 pair of boots "Hocw" {-Cast rC+ rN+}
 36732 | Spider:4 | Got a gossamer rune of Zot
 37132 | Shoals:4 | Reached skill level 17 in Fighting
 37497 | Shoals:4 | Got a barnacled rune of Zot
 37892 | Shoals:4 | Reached skill level 5 in Evocations
 38198 | Vaults:1 | Entered Level 1 of the Vaults
 38252 | Vaults:1 | Reached skill level 18 in Fighting
 38445 | Vaults:1 | Got the Discourse on Guile
 38576 | Vaults:1 | Gained mutation: You are extremely robust. (+30% HP)
                  | [demonic ancestry]
 38576 | Vaults:1 | Reached XP level 20. HP: 97/221 MP: 30/30
 38736 | Vaults:1 | Noticed Zenata
 38748 | Vaults:1 | Killed Zenata
 38819 | Vaults:1 | Found Rukkiam's Weapon Shoppe.
 38910 | Vaults:1 | Found Onaudd's Weapon Boutique.
 39056 | Vaults:1 | Found Qiaboq's Magic Scroll Boutique.
 39059 | Vaults:1 | Bought a scroll of enchant armour for 105 gold pieces
 39059 | Vaults:1 | Bought a scroll of teleportation for 42 gold pieces
 39210 | Vaults:1 | Found Foguvyg's Assorted Antiques.
 39219 | Vaults:1 | Bought 2 potions of curing for 192 gold pieces
 39219 | Vaults:1 | Bought a potion of curing for 96 gold pieces
 39246 | Vaults:1 | Found Hinaussi's Antique Weapon Emporium.
 39621 | Vaults:2 | Found a crumbling gateway.
 39631 | Desolati | Entered the Desolation of Salt
 39875 | Desolati | Identified the ring "Exzoerphi" {Dex+3 SInv}
 39952 | Desolati | Got Xyerph's Compilation of Flinty Poisoning
 40183 | Desolati | Identified the +1 ring mail of the Goldsmith {+Blink rElec}
 40240 | Desolati | Identified the +0 robe "Soukoah" {rPois Dex+2}
 40241 | Desolati | Identified the ring of Taneg {MP+9 Str+6 Dex+4}
 40320 | Desolati | Got the Folio of Transformed Orogeny
 40345 | Desolati | Got the Anthology of Summoning and the Atmosphere
 40828 | D:5      | Bought a scroll of teleportation for 42 gold pieces
 40828 | D:5      | Bought a scroll of teleportation for 42 gold pieces
 41289 | Vaults:2 | Reached skill level 19 in Fighting
 41376 | Vaults:2 | Found a staircase to the Crypt.
 41587 | Vaults:2 | Reached skill level 10 in Evocations
 41674 | Vaults:2 | Gained mutation: You have an unnaturally thin skeletal
                  | structure. (Dex +6, Stealth+++) [demonic ancestry]
 41674 | Vaults:2 | Reached XP level 21. HP: 234/234 MP: 31/31
 42083 | Vaults:3 | Found a magical portal.
 42104 | WizLab   | Entered The Roulette of Golubria
 42104 | WizLab   | Found a transporter.
 42107 | WizLab   | Found a corrupted altar of Lugonu.
 42151 | WizLab   | Found a transporter.
 42163 | WizLab   | Found a transporter.
 42209 | WizLab   | Found a transporter.
 42219 | WizLab   | Found a transporter.
 42269 | WizLab   | Found a transporter.
 42269 | WizLab   | Found a transporter.
 42317 | WizLab   | Found a transporter.
 42350 | WizLab   | Found a transporter.
 42402 | WizLab   | Found a transporter.
 42495 | WizLab   | Found a transporter.
 42513 | WizLab   | Found a corrupted altar of Lugonu.
 42635 | WizLab   | Found a transporter.
 42635 | WizLab   | Found a transporter.
 42779 | WizLab   | Found a transporter.
 42779 | WizLab   | Found a transporter.
 42800 | WizLab   | Found a corrupted altar of Lugonu.
 42815 | WizLab   | Found a transporter.
 42815 | WizLab   | Found the +2 cloak of the Thief {*Fog Slay-2 SInv Stlth+}
 42863 | WizLab   | Acquired a +3 rapier of speed
 42866 | WizLab   | Identified the +0 cloak of Pessimism {Will+}
 42874 | WizLab   | Identified the +3 cloak "Oliag" {Will+ Str+3 Int+2}
 42983 | WizLab   | Found a transporter.
 42983 | WizLab   | Found a transporter.
 43031 | WizLab   | Found a transporter.
 43031 | WizLab   | Found a transporter.
 43746 | Vaults:3 | Reached skill level 5 in Shields
 44463 | Vaults:4 | Identified the +0 pair of boots of Tempters {Rampage rPois
                  | Dex+3}
 45833 | Depths:1 | Entered Level 1 of the Depths
 45839 | Depths:1 | Gained mutation: You regenerate a lot of health from kills.
                  | [demonic ancestry]
 45839 | Depths:1 | Reached XP level 22. HP: 242/247 MP: 32/32
 45901 | Depths:1 | Reached skill level 20 in Fighting
 46156 | Depths:1 | Identified the +1 eveningstar of Vodka {drain, *Noise Int+3
                  | Dex+3 SInv}
 46290 | Depths:1 | Found a gateway to Hell.
 46698 | Depths:1 | Acquired 343 gold pieces
 47305 | Depths:2 | Found the brooch of Shielding {Spirit SH+8}
 47307 | Depths:2 | Found a one-way gateway to a ziggurat.
 47613 | Depths:2 | Noticed the Enchantress
 47767 | Depths:1 | Killed the Enchantress
 48248 | Depths:2 | Found a one-way gate leading to the halls of Pandemonium.
 48596 | Depths:3 | Reached skill level 15 in Invocations
 48656 | Depths:3 | Found a one-way gate to the infinite horrors of the Abyss.
 48771 | Depths:3 | Identified the +5 glaive of Xuschi {drain, Int+3}
 49515 | Depths:3 | Reached skill level 21 in Fighting
 49630 | Depths:3 | Reached skill level 15 in Dodging
 49665 | Depths:3 | Reached XP level 23. HP: 260/260 MP: 35/35
 49721 | Depths:3 | Identified the amulet "Biomus" {Spirit rF+ rCorr}
 49802 | Depths:3 | Noticed a caustic shrike
 49810 | Depths:3 | Killed a caustic shrike
 50141 | Depths:3 | Found an iron altar of Okawaru.
 50288 | Depths:4 | Entered Level 4 of the Depths
 50712 | Depths:4 | Noticed Xtahua
 50717 | Depths:4 | Identified the ring "Moziosen" {Ice rN++ Str-3 Slay+2}
 50717 | Depths:4 | Noticed Josephina
 50718 | Depths:4 | Killed Xtahua
 50744 | Depths:4 | Killed Josephina
 50937 | Depths:4 | Found a gate to the Realm of Zot.
 51552 | Vaults:5 | Entered Level 5 of the Vaults
 51757 | Vaults:5 | Noticed Frederick
 51771 | Vaults:5 | Killed Frederick
 51780 | Vaults:5 | Reached XP level 24. HP: 152/259 MP: 35/35
 51834 | Vaults:5 | Noticed an ancient lich
 51843 | Vaults:5 | Killed an ancient lich
 51876 | Vaults:5 | Identified the +5 shortbow "Undertaker" {elec, +Blink rC+
                  | Str+3}
 51906 | Vaults:5 | Got the Precepts of Energy
 51907 | Vaults:5 | Identified the +6 scale mail of Experimentation {rN++ Int+7
                  | Dex+2}
 51910 | Vaults:5 | Identified the +1 mace "Sisaumy" {protect, +Blink rPois rC-
                  | Int+9}
 51938 | Vaults:5 | Got a silver rune of Zot
 51942 | Vaults:5 | Identified the +1 hand axe "Meffe" {freeze, rF+ Int+3}
 52101 | Vaults:5 | Identified the staff of fire "Yriar" {rF+ rC+ Will+ rCorr
                  | Str+2}
 52181 | Vaults:5 | Reached skill level 22 in Fighting
 52566 | Vaults:5 | Identified the +4 long sword of Makhleb, Fortifying
                  | {antimagic, rElec rF+ rN+}
 52712 | Vaults:5 | Identified the +3 plate armour "Ovvecil" {Harm Drain rN+
                  | Str+3}
 53123 | Zot:1    | Entered Level 1 of the Realm of Zot
 53257 | Zot:1    | Found the +0 mask of the Dragon {Will+ Slay+3 SInv}
 53466 | Zot:1    | Reached skill level 15 in Stealth
 54829 | Zot:2    | Found a runed translucent door.
 54829 | Zot:2    | Noticed Korask's ghost (legendary GrFi)
 55594 | Zot:3    | Reached XP level 25. HP: 276/284 MP: 35/35
 55701 | Zot:3    | Noticed an orb of fire
 56158 | Zot:3    | Identified the +6 scale mail of the Leaf {Dex+5}
 56365 | Zot:4    | Found the +4 dragonskin cloak
 56365 | Zot:4    | Noticed Tiamat
 56847 | Zot:4    | Killed Tiamat
 57428 | Zot:5    | Entered Level 5 of the Realm of Zot
 57841 | Zot:5    | Noticed an orb of fire
 57853 | Zot:5    | Killed an orb of fire
 58054 | Zot:5    | Reached skill level 23 in Fighting
 58057 | Zot:5    | Reached skill level 15 in Evocations
 58140 | Zot:5    | Noticed an orb of fire
 58146 | Zot:5    | Gained mutation: You are weak. (Str -2) [an orb of fire]
 58147 | Zot:5    | Gained mutation: You sometimes lose your temper in combat.
                  | [an orb of fire]
 58151 | Zot:5    | Killed an orb of fire
 58151 | Zot:5    | Noticed an orb of fire
 58162 | Zot:5    | Gained mutation: Your spells are a little easier to cast,
                  | but a little less powerful. [an orb of fire]
 58163 | Zot:5    | Killed an orb of fire
 58163 | Zot:5    | Noticed an orb of fire
 58164 | Zot:5    | Gained mutation: Your spells are easier to cast, but less
                  | powerful. [an orb of fire]
 58167 | Zot:5    | Gained mutation: You are clumsy. (Dex -2) [an orb of fire]
 58170 | Zot:5    | Gained mutation: You have an uncontrollable temper. [an orb
                  | of fire]
 58171 | Zot:5    | Killed an orb of fire
 58171 | Zot:5    | Noticed an orb of fire
 58179 | Zot:5    | Gained mutation: Your spells are much easier to cast, but
                  | much less powerful. [an orb of fire]
 58183 | Zot:5    | Killed an orb of fire
 58183 | Zot:5    | Noticed an orb of fire
 58194 | Zot:5    | Killed an orb of fire
 58194 | Zot:5    | Noticed an orb of fire
 58196 | Zot:5    | Gained mutation: You occasionally lose the ability to read
                  | scrolls when taking damage. [an orb of fire]
 58196 | Zot:5    | Gained mutation: You are dopey. (Int -2) [an orb of fire]
 58201 | Zot:5    | Killed an orb of fire
 58201 | Zot:5    | Noticed an ancient lich
 58208 | Zot:5    | Killed an ancient lich
 58210 | Zot:5    | Noticed an orb of fire
 58213 | Zot:5    | Gained mutation: You occasionally lose the ability to drink
                  | potions when taking damage. [an orb of fire]
 58221 | Zot:5    | Killed an orb of fire
 58221 | Zot:5    | Noticed an orb of fire
 58223 | Zot:5    | Gained mutation: You occasionally shout uncontrollably at
                  | your foes. [an orb of fire]
 58228 | Zot:5    | Killed an orb of fire
 58231 | Zot:5    | Noticed an orb of fire
 58233 | Zot:5    | Gained mutation: You frequently scream uncontrollably at
                  | your foes. [an orb of fire]
 58235 | Zot:5    | Killed an orb of fire
 58238 | Zot:5    | Noticed a Killer Klown
 58240 | Zot:5    | Noticed a Killer Klown
 58245 | Zot:5    | Killed a Killer Klown
 58248 | Zot:5    | Noticed a Killer Klown
 58265 | Zot:5    | Killed a Killer Klown
 58278 | Zot:5    | Reached XP level 26. HP: 275/297 MP: 35/35
 58315 | Zot:5    | Lost mutation: You frequently scream uncontrollably at your
                  | foes. [potion of mutation]
 58315 | Zot:5    | Lost mutation: You are dopey. (Int -2) [potion of mutation]
 58315 | Zot:5    | Lost mutation: You are clumsy. (Dex -2) [potion of
                  | mutation]
 58316 | Zot:5    | Lost mutation: You occasionally lose the ability to read
                  | scrolls when taking damage. [potion of mutation]
 58316 | Zot:5    | Lost mutation: You occasionally lose the ability to drink
                  | potions when taking damage. [potion of mutation]
 58316 | Zot:5    | Lost mutation: You occasionally shout uncontrollably at
                  | your foes. [potion of mutation]
 58316 | Zot:5    | Gained mutation: You are occasionally teleported next to
                  | monsters. [potion of mutation]
 58317 | Zot:5    | Lost mutation: You are weak. (Str -2) [potion of mutation]
 58317 | Zot:5    | Lost mutation: You have an uncontrollable temper. [potion
                  | of mutation]
 58317 | Zot:5    | Lost mutation: You sometimes lose your temper in combat.
                  | [potion of mutation]
 58317 | Zot:5    | Gained mutation: You are vulnerable to heat. (rF-) [potion
                  | of mutation]
 58317 | Zot:5    | Gained mutation: You are agile. (Dex +4, Str/Int -1)
                  | [potion of mutation]
 58318 | Zot:5    | Lost mutation: You are agile. (Dex +4, Str/Int -1) [potion
                  | of mutation]
 58318 | Zot:5    | Lost mutation: You are occasionally teleported next to
                  | monsters. [potion of mutation]
 58318 | Zot:5    | Gained mutation: You sometimes lose your temper in combat.
                  | [potion of mutation]
 58318 | Zot:5    | Gained mutation: Your mind is acute. (Int +4, Str/Dex -1)
                  | [potion of mutation]
 58403 | Zot:5    | Noticed an ancient lich
 58410 | Zot:5    | Killed an ancient lich
 58411 | Zot:5    | Lost mutation: You sometimes lose your temper in combat.
                  | [potion of mutation]
 58411 | Zot:5    | Lost mutation: You are vulnerable to heat. (rF-) [potion of
                  | mutation]
 58411 | Zot:5    | Lost mutation: Your spells are much easier to cast, but
                  | much less powerful. [potion of mutation]
 58411 | Zot:5    | Gained mutation: You possess an exceptional clarity of
                  | mind. [potion of mutation]
 58411 | Zot:5    | Lost mutation: Your spells are easier to cast, but less
                  | powerful. [potion of mutation]
 58411 | Zot:5    | Gained mutation: You are vulnerable to cold. (rC-) [potion
                  | of mutation]
 58561 | Zot:5    | Got the Orb of Zot
 58613 | Zot:5    | Noticed Eplul the pandemonium lord
 59062 | D:3      | Noticed Sugein the pandemonium lord
 59072 | D:3      | Killed Sugein the pandemonium lord
 59136 | D:$      | Escaped with the Orb!

Illustrated notes

Levels and vault maps discovered:
D:1:      scummos_arrival_simple_crosswalls, layout_basic,
          chequers_serial_rivers_large_b, ebering_dispersal_statue_hall
D:2:      layout_basic, ebering_ecumenical_altar_box
D:3:      layout_basic
D:4:      layout_loops_ring, minmay_temple_entry_trees, minmay_statues_item,
          chequers_serial_rivers_micro_b, serial_bayou_pond_e,
          nicolae_goblin_pals, uniq_sigmund
D:5:      layout_rooms, amcnicky_altar_gilded, elyvilon_altar_5, serial_shops,
          shop, minmay_misc_feat_x, lemuel_flamethrower_1, uniq_grinder,
          uniq_ijyb
D:6:      layout_loops_ring, gammafunk_temple_overflow_elements,
          minmay_strange_pillars, minmay_crystal_room, minmay_bent
D:7:      layout_loops_corners, nicolae_tso_swordbearing_angel,
          mainiacjoe_overflow_divided_tiny, uniq_maggie
D:8:      nzn_winding_woodlands_cross [nzn_winding_woodlands_5x15_default,
          nzn_winding_woodlands_5x15_concentric,
          nzn_winding_woodlands_5x15_pockets, nzn_winding_woodlands_5x15_pool,
          nzn_winding_woodlands_15x15_killbox], layout_gridville,
          overflow_temple_1_default, uniq_grum, uniq_pikel
D:9:      layout_loops_ring, mainiacjoe_overflow_chevrons, minmay_pinched_square
D:10:     layout_basic, nicolae_ru_great_annihilating_truth
D:11:     layout_basic, serial_shops, bzr_in_the_mist
D:12:     layout_basic, zombieorc1_lemuel
D:13:     layout_roguey, serial_shops, nicolae_shop_behind_doors,
          lightli_fourway_metalbox
D:14:     layout_big_octagon, hangedman_vaults_entry_quadrant_bands,
          nemelex_diamond_rough_becter, uniq_azrael
D:15:     grunt_enter_depths_hoard, layout_irregular_city, serial_bayou,
          serial_bayou_shore_a, serial_bayou_lake_a, serial_bayou_ford_a,
          serial_bayou_pond_e, serial_bayou_lagoon_a,
          cheibrodos_ashenzari_chains
Temple:   nicolae_temple_hex_pool
Lair:1:   layout_regular_city
Lair:2:   layout_loops_ring, shoals_dummy_entry, gauntlet_entry_generic,
          grunt_megastairs_1, uniq_amaemon
Lair:3:   layout_regular_city, nicolae_spider_entry_tight_spaces,
          portal_ice_cave_entry_pillars_1, grunt_megastairs_5
Lair:4:   layout_loops_ring, nicolae_slime_entry_slimehenge,
          kennysheep_basilisk_garden
Lair:5:   gammafunk_lair_ancient_temple, layout_regular_city, st_stairs_6,
          nicolae_lair_run_with_the_wolves
Shoals:1: layout_shoals, st_sunken_temple
Shoals:2: layout_shoals, uniq_ilsuiw
Shoals:3: layout_shoals
Shoals:4: shoals_end_grunt_garden, layout_shoals
Spider:1: nicolae_spider_mines_3, nicolae_spider_world_wide_web
Spider:2: layout_spider_delve, hangedman_spider_tarantella_strand
Spider:3: layout_chambers, nicolae_spider_nooks_and_crannies, uniq_bai_suzhen,
          uniq_nikola
Spider:4: johnstein_spider_rune_arachne_lair, nicolae_spider_moth_buddies
Orc:1:    layout_diamond_mine, serial_shops, nicolae_shop_back_alley_shop,
          uniq_gastronok
Orc:2:    st_orc_ogre_mass, layout_diamond_mine, basic_altar,
          nicolae_volcano_entry_hallway, uniq_snorg
Elf:1:    elf_arrival_002, layout_gridlike, orc_legates, elves_outpost_lemuel
Elf:2:    elven_hall_of_blades_hangedman_alternative
          [nicolae_blade_entry_floor_patterns], layout_geoelf_octagon,
          basic_altar
Elf:3:    grunt_elf_hall_branching, layout_loops_cross, st_stairs_14, drop_trap,
          dreamdust_princess_corridor, patterned_corridor, minmay_shop_grove
Vaults:1: grunt_vaults_funnel, v_misc_3, nicolae_vaults_trapezoid_3,
          nicolae_vaults_yaktaur_gun_rack, st_lattice,
          nicolae_vaults_ring_of_whatevers, layout_vaults_omnigrid,
          serial_shops, shop, shop, nicolae_square_shop,
          nicolae_shop_overgrown_old_shop, nicolae_shop_just_a_little_nook,
          uniq_zenata
Vaults:2: portal_desolation_entry_ruin, hangedman_vaults_nails,
          ontoclasm_vaults_ring_square, hangedman_vaults_capsules, v_misc_5,
          v_misc_1, nicolae_vaults_angled_halls,
          nicolae_vaults_trapezoid_lopsided_4, nicolae_vaults_back_hallway,
          v_misc_24, vaults_mumra_hex, minmay_crypt_entry_simple_sparse,
          nicolae_vaults_crenellated_ambush, layout_vaults_maze_snakey
Vaults:3: lightli_enter_wizlab_magi_temple, vaults_mumra_minichess_inversion,
          nicolae_vaults_steering_wheel, nicolae_vaults_fighting_squares,
          nicolae_vaults_cornered_office, hangedman_vaults_stretched_pinwheel,
          nicolae_vaults_apartment_1, nicolae_vaults_inception_statues,
          vaults_dpeg_diagonal, nicolae_vaults_network_barrier,
          nicolae_vaults_network_quinsquares
          [nicolae_vaults_network_quincunx_subvault,
          nicolae_vaults_network_quincunx_subvault,
          nicolae_vaults_network_quincunx_subvault,
          nicolae_vaults_network_quincunx_subvault],
          nicolae_vaults_closet_pinwheel_3, layout_vaults_omnibox
Vaults:4: nicolae_vaults_loss_of_containment, nicolae_vaults_double_plus_3,
          nicolae_vaults_little_squares_4, hangedman_vaults_maws,
          hangedman_vaults_stretched_pinwheel, ontoclasm_vaults_misaligned,
          v_rooms_2, nicolae_vaults_turnstiles, dpeg_vaults_monster_box,
          v_misc_17, vaults_room_stairs_pillars, layout_vaults_chaotic_city
Vaults:5: uniq_frederick
Depths:1: layout_gridlike, pf_vacation_house_of_asmodeus, st_stairs_9,
          skrybe_limestone_x, minmay_misc_feat_secret_circle, kennysheep_nub,
          nooodl_orcs_dogs
Depths:2: kennysheep_green_arena, layout_cave_shapes, enter_ziggurat_b,
          chequers_serial_rivers_room_a, hell_entry, grunt_pan_entry_in_and_out,
          minmay_protected_statue, uniq_enchantress
Depths:3: kennysheep_snake, layout_honeycomb, grunt_hell_entry_demonic_statue,
          okawaru_gym_becter, abyss_entry
Depths:4: grunt_crosshair, layout_gridlike, serial_bayou_pond_e, hell_entry,
          grunt_megastairs_4, uniq_xtahua, uniq_josephina
Zot:1:    layout_onion_interference, st_small_dragon_hoard_1, uniq_grunn
Zot:2:    layout_onion_interference, hellmonk_ghost_happy_afterlife,
          grunt_ministairs_15
Zot:3:    layout_concentric_octagons, nrook_zot_tub
Zot:4:    layout_basic, st_stairs_10, uniq_tiamat
Zot:5:    layout_twisted_circle, st_stairs_1

Skill      XL: |  1  2  3  4  5  6  7  8  9 10 11 12 13 14 15 16 17 18 19 20 21 22 23 24 25 26 |
---------------+-------------------------------------------------------------------------------+-----
Polearms       | 3 |  3.5
Dodging        | 3 5 7 8 10 13 14 15 16 18 20 21 | 21.0
Stealth        | 1 4 6 7 9 10 12 13 14 15 16 17 | 17.3
Short Blades   | 2 4 5 7 9 10 | 10.1
Evocations     | 3 5 10 11 12 14 15 16 | 16.1
Invocations    | 3 6 10 13 14 16 | 16.0
Fighting       | 4 8 10 11 13 18 19 21 22 23 | 23.6
Ranged Weapons | 4 9 12 15 17 18 | 18.0
Armour         | 5 8 10 12 14 15 16 17 18 | 18.3
Shields        | 4 6 7 |  7.0

Action                     |  1- 3 |  4- 6 |  7- 9 | 10-12 | 13-15 | 16-18 | 19-21 | 22-24 | 25-27 || total
---------------------------+-------+-------+-------+-------+-------+-------+-------+-------+-------++-------
  Melee: Spear             |    89 |       |       |       |       |       |       |       |       ||    89
         Dagger            |     9 |   117 |   249 |   629 |  1613 |   606 |       |       |       ||  3223
         Rapier            |       |    11 |       |       |     9 |   170 |       |       |       ||   190
         Punch             |       |       |     4 |     5 |       |       |       |       |       ||     9
         Hand crossbow     |       |       |       |       |       |       |     1 |       |       ||     1
   Fire: Arbalest          |       |       |       |       |    12 |       |       |       |       ||    12
         Hand crossbow     |       |       |       |       |     7 |   901 |  1817 |  1619 |   615 ||  4959
 Invoke: Shadow Form       |       |       |       |       |       |     2 |     1 |       |     1 ||     4
  Evoke: Wand              |       |       |     1 |     3 |    16 |    11 |     1 |     6 |     4 ||    42
         Condenser vane    |       |       |       |     1 |     1 |     3 |       |     1 |     1 ||     7
         Phantom mirror    |       |       |       |       |     2 |     4 |     1 |     2 |     2 ||    11
         Lightning rod     |       |       |       |       |       |       |     3 |       |       ||     3
         Box of beasts     |       |       |       |       |       |       |       |     2 |     2 ||     4
    Use: Scroll            |       |     4 |     7 |    11 |    11 |    12 |    20 |    18 |     5 ||    88
         Potion            |       |     1 |       |     5 |     2 |    13 |     5 |     1 |    14 ||    41
   Stab: Sleeping          |     1 |     1 |    18 |    47 |   111 |    44 |       |       |       ||   222
         Distracted        |       |       |       |     2 |    16 |     2 |       |       |       ||    20
         Invisible         |       |       |       |     7 |       |     3 |       |       |       ||    10
 Armour: Robe              |     2 |       |       |       |       |     4 |    50 |       |       ||    56
         Scale mail        |     8 |    48 |    20 |       |       |       |       |       |       ||    76
         Steam dragon scal |       |       |     8 |    34 |       |       |       |       |       ||    42
         Shadow dragon sca |       |       |       |    21 |   294 |   426 |       |       |       ||   741
         Ice dragon scales |       |       |       |       |       |       |   226 |     9 |       ||   235
         Acid dragon scale |       |       |       |       |       |       |       |   314 |    66 ||   380
  Dodge: Dodged            |    41 |    41 |    99 |   261 |   678 |   851 |  1360 |  1493 |   481 ||  5305
  Block: Buckler           |       |       |       |    54 |   370 |   444 |   637 |   645 |   191 ||  2341
